 Dungeon Crawl Stone Soup version 0.22.0 (webtiles) character file.

114 Firecrotchwizard the Firebug (level 4, 0/33 HPs)
             Began as a Hill Orc Fire Elementalist on Aug 11, 2018.
             Slain by a gnoll
             ... wielding a +0 flail
              (4 damage)
             ... on level 3 of the Dungeon.
             The game lasted 00:07:56 (3390 turns).

Firecrotchwizard the Firebug (HOFE)                 Turns: 3390, Time: 00:07:56

Health: 0/33       AC:  4    Str: 10    XL:     4   Next: 98%
Magic:  7/7        EV: 11    Int: 16    God:
Gold:   122        SH:  0    Dex: 11    Spells: 3/7 levels left

rFire    . . .     SeeInvis .   h - +0 hand axe
rCold    . . .     Gourm    .   (no shield)
rNeg     . . .     Faith    .   d - +0 leather armour (curse)
rPois    .         Spirit   .   (no helmet)
rElec    .         Reflect  .   (no cloak)
rCorr    .         Harm     .   j - +0 pair of gloves
MR       .....                  (no boots)
Stlth    +.........             (no amulet)
HPRegen  0.11/turn              (no ring)
MPRegen  0.10/turn              (no ring)

@: lethally poisoned (0 -> -4)
A: no striking features
a: no special abilities


You were on level 3 of the Dungeon.
You were very hungry.

You visited 1 branch of the dungeon, and saw 3 of its levels.

You collected 122 gold pieces.

Inventory:

Hand Weapons
 g - a +0 dagger
   (You took it off a kobold on level 1 of the Dungeon)
 h - a +0 hand axe (weapon)
   (You took it off an orc on level 3 of the Dungeon)
Armour
 a - a +0 robe
 d - a cursed +0 leather armour (worn)
   (You found it on level 1 of the Dungeon)
 j - a +0 pair of gloves (worn)
   (You found it on level 1 of the Dungeon)
Jewellery
 o - an uncursed ring of wizardry {unknown}
   (You found it on level 2 of the Dungeon)
Scrolls
 b - 2 scrolls of immolation {unknown}
 e - 2 scrolls of identify {unknown}
 m - a scroll of amnesia {unknown}
 n - a scroll of teleportation {unknown}
 r - a scroll of fear {unknown}
Potions
 f - 2 potions of berserk rage {unknown}
 i - 2 potions of curing {unknown}
 k - a potion of heal wounds {unknown}
 l - a potion of experience {unknown}
 p - a potion of agility {unknown}
 q - 2 potions of mutation {unknown}
Comestibles
 c - 5 rations {@e1}


   Skills:
 + Level 0.1 Axes
 - Level 1.1 Armour
 - Level 2.0 Dodging
 - Level 1.5 Stealth
 - Level 2.0 Spellcasting
 * Level 3.0 Conjurations
 + Level 4.0 Fire Magic


You had 3 spell levels left.
You knew the following spells:

 Your Spells              Type           Power        Failure   Level  Hunger
a - Flame Tongue          Conj/Fire      ##...        7%          1    #......
b - Conjure Flame         Conj/Fire      ##......     21%         3    ###....

Your spell library contained the following spells:

 Spells                   Type           Power        Failure   Level  Hunger
 Fireball                 Conj/Fire      ##........   88%         5    ######.
 Throw Flame              Conj/Fire      ##....       10%         2    ###....
 Sticky Flame             Conj/Fire      ##......     54%         4    #####..
 Inner Flame              Hex/Fire       #.......     36%         3    ###....


Dungeon Overview and Level Annotations

Branches:
Dungeon (3/15)

Altars:

Annotations:
D:3 1 transporter, Doobh's ghost, amateur KoAs


Message History

No target in view!
No target in view!
No target in view!
No target in view!
You may need something to eat soon, looking for food.
Can't find anything matching that.
Sorry, you're not good enough to have a special ability.
You see here a hand axe.
A giant cockroach comes into view.
You see here a ration {@e1}.
There isn't anything to butcher here.
You see here a hand axe.
h - a hand axe
h - a +0 hand axe (weapon)
The giant cockroach is too close now for your liking.
You see here a ration {@e1}.
A giant cockroach is nearby!
c - 5 rations {@e1} (gained 1)
The giant cockroach waves its antennae.
The giant cockroach bites you but does no damage.
The giant cockroach waves its antennae.
The giant cockroach bites you but does no damage.
You hit the giant cockroach but do no damage.
The giant cockroach bites you.
You take 2 damage, and have 28/33 hp.
You hit the giant cockroach but do no damage.
The giant cockroach closely misses you. The giant cockroach bites you.
You take 1 damage, and have 27/33 hp.
You hit the giant cockroach. The giant cockroach bites you.
You take 2 damage, and have 25/33 hp.
You hit the giant cockroach.
The giant cockroach closely misses you. x2
You hit the giant cockroach.
You kill the giant cockroach!
No target in view!
No target in view!
No target in view!
No target in view!
No target in view!
No target in view!
No target in view!
No target in view!
No target in view!
You start resting.
A quokka comes into view.
A gnoll and a kobold come into view.
The kobold shouts!
The gnoll shouts!
You hear a shout!
A worker ant comes into view.
A gnoll comes into view. It is wielding a spear.
The gnoll shouts!
The kobold barely misses you.
The worker ant twitches its antennae in your direction.
You hit the kobold.
You kill the kobold!
The quokka closely misses you.
A gnoll comes into view. It is wielding a flail.
The gnoll hits you with a spear. The quokka closely misses you.
The worker ant closely misses you.
You see here a short sword.
You take 5 damage, and have 22/33 hp.
The gnoll shouts!
You hit the gnoll. You hit the quokka.
You hit the worker ant but do no damage.
The quokka closely misses you. The gnoll barely misses you.
The worker ant barely misses you. The quokka closely misses you.
The gnoll hits you but does no damage.
You hit the gnoll but do no damage. You hit the worker ant.
You barely miss the quokka. The worker ant barely misses you.
The gnoll misses you.
The quokka bites you but does no damage.
The gnoll hits you from afar with a spear!
The worker ant bites you. The gnoll hits you with a spear.
* * * LOW HITPOINT WARNING * * *
You take 13 damage, and have 9/33 hp.
MASSIVE DAMAGE!!
You hit the gnoll. You barely miss the worker ant. You hit the quokka.
The quokka misses you. The worker ant misses you.
The gnoll hits you but does no damage. x2
The quokka bites you but does no damage.
You closely miss the gnoll. You barely miss the quokka.
You hit the worker ant but do no damage.
The worker ant closely misses you.
A gnoll comes into view. It is wielding a halberd.
The gnoll hits you from afar with a spear.
* * * LOW HITPOINT WARNING * * *
The quokka closely misses you. The gnoll hits you with a spear.
* * * LOW HITPOINT WARNING * * *
The worker ant bites you.
* * * LOW HITPOINT WARNING * * *
You are lethally poisoned!
The worker ant poisons you!
You take 4 damage, and have 5/33 hp.
The gnoll shouts!
You hit the gnoll but do no damage. You hit the gnoll.
You closely miss the worker ant. You hit the quokka.
You kill the quokka!
* * * LOW HITPOINT WARNING * * *
You feel sick. The gnoll barely misses you.
The worker ant bites you but does no damage.
The gnoll closely misses you. The gnoll hits you with a flail.
You die...

.# .. .# ... .##
###.##+#########..####
......................
......................
#........####......###
#......†.# #......#
#....gg@a# #......#
#.....g..# #......##
.g......... #.......#
###########.#.....#.#
#.......#..#
##..........
#.....###.. #..##.# .
##. .#


You could see a worker ant and 4 gnolls.

Vanquished Creatures
  3 adders (D:2)
  2 oozes (D:1)
  A worm (D:2)
  2 dart slugs (D:2)
  An orc (D:3)
  5 giant cockroaches
  7 goblins
  6 hobgoblins
  15 jackals
  3 kobolds
  A quokka (D:3)
  8 bats
  4 frilled lizards (D:1)
  8 rats
66 creatures vanquished.

Notes
Turn   | Place    | Note
-------+----------+-------------------------------------------
     0 | D:1      | Firecrotchwizard the Hill Orc Fire Elementalist began the quest for the Orb.
     0 | D:1      | Reached XP level 1. HP: 14/14 MP: 3/3
   180 | D:1      | Reached XP level 2. HP: 20/20 MP: 1/4
   725 | D:1      | Reached XP level 3. HP: 18/26 MP: 5/5
   912 | D:1      | Reached skill level 2 in Conjurations
  1462 | D:1      | Reached skill level 2 in Dodging
  1809 | D:1      | Reached skill level 2 in Spellcasting
  2119 | D:2      | Learned a level 3 spell: Conjure Flame
  2154 | D:2      | Reached XP level 4. HP: 25/33 MP: 7/7
  2913 | D:2      | Reached skill level 4 in Fire Magic
  3167 | D:3      | Noticed Doobh's ghost (amateur KoAs)
  3168 | D:3      | Reached skill level 1 in Armour
  3168 | D:3      | Noticed an ogre
  3169 | D:3      | Found a transporter.
  3356 | D:3      | Reached skill level 3 in Conjurations
  3389 | D:3      | HP: 8/33 [gnoll/spear (1)]
  3390 | D:3      | Slain by a gnoll

Skill      XL: |  1  2  3  4 |
---------------+-------------+-----
Conjurations   | 2 3 |  3.0
Dodging        | 2 |  2.0
Spellcasting   | 2 |  2.0
Fire Magic     | 4 |  4.0
Armour         | 1 |  1.1
Axes           | |  0.1
Stealth        | |  1.5

Action                   |  1- 3 |  4- 6 || total
-------------------------+-------+-------++-------
Melee: Unarmed           |    11 |       ||    11
       Dagger            |   183 |    63 ||   246
       Hand axe          |       |    11 ||    11
 Cast: Flame Tongue      |    30 |    19 ||    49
 Stab: Sleeping          |     2 |     3 ||     5
  Eat: Chunk             |     4 |     4 ||     8
Armor: Robe              |     5 |       ||     5
       Leather armour    |    78 |    25 ||   103
Dodge: Dodged            |   157 |    82 ||   239

Vault maps used:
D:1:      lemuel_arrival_cross, kennysheep_boxes
D:2:      minmay_door_path
D:3:      first_ration, gammafunk_ghost_smash, lexackson_kobold_supper

Table legend:
 A = Turns spent in this place as a percentage of turns spent in the entire game.
 B = Non-inter-level travel turns spent in this place as a percentage of non-inter-level travel turns spent in the entire game.
 C = Inter-level travel turns spent in this place as a percentage of turns spent in this place.
 D = Turns resting spent in this place as a percentage of non-inter-level travel turns spent in this place.
 E = Turns spent auto-exploring this place as a percentage of non-inter-level travel turns spent in this place.
 F = Non-inter-level travel turns spent in this place divided by the number of levels of this place that you've seen.
                   A       B       C       D       E      F
               +-------+-------+-------+-------+-------+----------------------
         Total | 100.0 | 100.0 |   1.3 |  39.9 |  41.2 | 1115.3
       Dungeon | 100.0 | 100.0 |   1.3 |  39.9 |  41.2 | 1115.3
               +-------+-------+-------+-------+-------+----------------------

Table legend:
 A = Kills in this place as a percentage of kills in entire the game.
 B = Kills by you in this place as a percentage of kills by you in the entire game.
 C = Kills by friends in this place as a percentage of kills by friends in the entire game.
 D = Other kills in this place as a percentage of other kills in the entire game.
 E = Experience gained in this place as a percentage of experience gained in the entire game.
 F = Experience gained in this place divided by the number of levels of this place that you have seen.
                   A       B       C       D       E      F
               +-------+-------+-------+-------+-------+----------------------
         Total | 100.0 | 100.0 |   N/A |   N/A | 100.0 |  54.7
       Dungeon | 100.0 | 100.0 |   N/A |   N/A | 100.0 |  54.7
               +-------+-------+-------+-------+-------+----------------------
